AoeStats
← Iguano Pop

Lombardia

507923005Analyzed
2v2 RM · 12d ago on Sep 20, 2026· 25m 11s· 4 players
Game mode
Random Map
Map size
Medium (4 player)
Population
200
Speed
Normal
Resources
Standard
Victory
Conquest
Starting age
Dark Age
Ending age
Imperial Age
RankedLock teamsTeams togetherTeam positionsShared explorationLock speedFull tech treeHidden civsTurbo modeCheats
Victory
Defeat
🇺🇸 Wei · United States
1387
+16
🇵🇱 Malians · Poland
1298
+19
🇯🇵 Vietnamese · Japan
1420
-20
🇲🇽 Saracens · Mexico
1325
-15
A Mongolito
6:00 Loom
9:04 Feudal Age
9:44 Double-Bit Axe
9:41 Horse Collar
16:10 Wheelbarrow
19:16 Castle Age
17:31 Gold Mining
19:17 Fletching
19:40 Bloodlines
20:06 Bodkin Arrow
20:24 Bow Saw
22:21 Heavy Plow
22:33 Husbandry
25:54 Hand Cart
25:45 Padded Archer Armor
aka Frost1e
3:49 Loom
10:05 Feudal Age
10:49 Double-Bit Axe
15:19 Wheelbarrow
19:22 Castle Age
17:53 Horse Collar
18:28 Gold Mining
19:09 Forging
19:05 Scale Barding Armor
19:29 Bloodlines
20:24 Bow Saw
20:58 Chain Barding Armor
Iguano Pop
8:53 Loom
11:11 Feudal Age
11:37 Double-Bit Axe
12:10 Horse Collar
18:20 Forging
24:03 Castle Age
22:46 Scale Barding Armor
24:24 Scale Mail Armor
24:14 Pikeman
ken4403
11:28 Feudal Age
12:53 Loom
15:59 Castle Age
14:50 Town Watch
15:23 Double-Bit Axe
15:18 Horse Collar
17:28 Bow Saw
17:19 Heavy Plow
Connection lost

Rejoining the realm…

Still unreachable

The connection could not be restored.

Session expired

The server has moved on; the page needs a fresh start.